 Dungeon Crawl Stone Soup version 0.29-a0-322-g68df515428 (webtiles) character file.

Game seed: 616499131782894693

5776 PaleWalker the Severer (level 10, -11/97 HPs)
             Began as a Hill Orc Fighter on Apr 5, 2022.
             Was a Follower of Beogh.
             Mangled by Amaemon
             ... wielding a +2 demon whip of venom
              (13 damage)
             ... on level 11 of the Dungeon.
             The game lasted 00:17:30 (10115 turns).

PaleWalker the Severer (Hill Orc Fighter)          Turns: 10115, Time: 00:17:30

Health: -11/97     AC: 13    Str: 24    XL:     10   Next: 78%
Magic:  10/10      EV:  6    Int:  8    God:    Beogh [*.....]
Gold:   323        SH:  9    Dex: 10    Spells: 9/9 levels left

rFire   . . .      SeeInvis +   a - +1 war axe (vorpal)
rCold   . . .      Faith    .   c - +0 buckler
rNeg    . . .      Spirit   .   O - +0 plate armour
rPois   +          Reflect  +   (no helmet)
rElec   .          Harm     .   (no cloak)
rCorr   .          Rampage  .   (no gloves)
Will    .....                   e - +0 pair of boots
Stlth   ..........              f - amulet of reflection
HPRegen 0.26/turn               y - ring of see invisible
MPRegen 0.12/turn               K - ring of poison resistance

@: weakened, slowed, very slow
A: no striking features
a: Renounce Religion


You were on level 11 of the Dungeon.
You worshipped Beogh.
Beogh was aware of your devotion.
You visited 1 branch of the dungeon, and saw 10 of its levels.

You collected 323 gold pieces.

Inventory:

Hand Weapons
 a - a +1 vorpal war axe (weapon)
Missiles
 d - 3 boomerangs of dispersal
 o - 2 boomerangs (quivered)
 p - 3 javelins
 E - 2 throwing nets
 J - 5 silver javelins
Armour
 c - a +0 buckler (worn)
 e - a +0 pair of boots (worn)
 O - a +0 plate armour (worn)
 Q - the +2 leather armour "Plog" {+Blink rC+++ rN+ Dex+2}
   (You found it on level 8 of the Dungeon)

   Dex:       It affects your dexterity (+2).
   rC:        It renders you almost immune to cold.
   rN:        It protects you from negative energy.
   +Blink:    It lets you blink.
Jewellery
 f - an amulet of reflection (around neck)
 g - an amulet of magic regeneration
 u - a ring of wizardry
 y - a ring of see invisible (left hand)
 A - a ring of positive energy
 H - a ring of positive energy
 K - a ring of poison resistance (right hand)
 L - a ring of wizardry
Wands
 F - a wand of flame (45)
 M - a wand of mindburst (12)
 N - a wand of digging (6)
 R - a wand of polymorph (9)
Scrolls
 t - a scroll of vulnerability
 B - 2 scrolls of identify
 C - a scroll of amnesia {unknown}
 D - a scroll of fog {unknown}
 G - 2 scrolls of brand weapon {unknown}
 I - a scroll of teleportation {unknown}
Potions
 h - 2 potions of attraction
 i - 2 potions of mutation
 j - 10 potions of curing
 k - 2 potions of invisibility {unknown}
 l - a potion of magic {unknown}
 m - a potion of brilliance {unknown}
 n - 3 potions of flight
 s - 4 potions of lignification
 v - a potion of ambrosia {unknown}
 w - 2 potions of heal wounds {unknown}
 z - a potion of haste {unknown}
 P - 2 potions of cancellation {unknown}


   Skills:
 + Level 11.7 Fighting
 - Level 16.0 Axes
 * Level 4.5 Armour
 - Level 3.2 Shields


You had 9 spell levels left.
You didn't know any spells.
Your spell library contained the following spells:

 Spells                   Type           Power      Damage    Failure   Level
 Animate Skeleton         Necr           0%         N/A       100%        1
 Apportation              Tloc           0%         N/A       100%        1
 Foxfire                  Conj/Fire      0%         2x1d4     100%        1
 Summon Small Mammal      Summ           0%         N/A       100%        1
 Blink                    Tloc           0%         N/A       100%        2
 Ensorcelled Hibernation  Hex/Ice        0%         N/A       100%        2
 Conjure Flame            Conj/Fire      0%         6-21      100%        3
 Inner Flame              Hex/Fire       0%         N/A       100%        3
 Lesser Beckoning         Tloc           0%         N/A       100%        3
 Portal Projectile        Hex/Tloc       0%         N/A       100%        3
 Spider Form              Tmut/Pois      0%         N/A       100%        3
 Anguish                  Hex/Necr       0%         N/A       100%        4
 Flame Wave               Conj/Fire      0%         2d4       100%        4
 Blade Hands              Tmut           0%         N/A       100%        5
 Excruciating Wounds      Necr           0%         N/A       100%        5
 Manifold Assault         Tloc           0%         N/A       100%        5
 Storm Form               Tmut/Air       0%         N/A       100%        7


Dungeon Overview and Level Annotations

Branches:
Dungeon (9/15)             Temple (0/1) D:6
   Lair: D:8-11         Orc: D:9-12

Altars:
Elyvilon
Fedhas
Hepliaklqana
Nemelex Xobeh
Qazlal
Trog
Uskayaw
Wu Jian
Xom
Yredelemnul
Zin

Shops:
D:4 *

Annotations:
D:5 exclusion: 2 doors
D:11 Amaemon


Message History

Amaemon points at the scorpion and mumbles some strange words.
The scorpion seems to grow toxic.
You block the scorpion's attack.
There is an open door here.
The scorpion attacks as you move away!
The scorpion stings you but does no damage.
You block the orange demon's attack.
The orange demon hits you but does no damage.
The scorpion stings you but does no damage.
You block the scorpion's attack. The orange demon stings you.
The orange demon hits you but does no damage.
The scorpion attacks as you move away! The scorpion barely misses you.
You block the orange demon's attack.
Amaemon mumbles some strange words.
You block the scorpion's attack.
As you read the scroll labelled IFYHIX JAACLO, it crumbles to dust.
You assume a fearsome visage.
The orange demon resists with some effort.
The scorpion looks frightened! x2; It was a scroll of fear.
The orange demon stings you but does no damage.
The orange demon stings you from afar!
As you read the scroll labelled GUXZAQESIA, it crumbles to dust.
You feel aware of your surroundings.
You sensed 1 altar, and 6 shops/portals.
It was a scroll of magic mapping.
As you read the scroll labelled NALACALUJU, it crumbles to dust.
Your body is wracked with pain!
* * * LOW HITPOINT WARNING * * *
It was a scroll of torment.
The orange demon stings you from afar.
* * * LOW HITPOINT WARNING * * *
Amaemon whines, "They said I was special.
Look at me now!"
Amaemon gestures at the two-headed ogre while chanting.
As you read the scroll labelled UKUIKK AMUNIRO, it crumbles to dust.
You speak a Word of immense power!
Amaemon convulses!
The orange demon convulses!
It was a scroll of holy word.
The two-headed ogre hits you with a +0 giant club!!
* * * LOW HITPOINT WARNING * * *
You block the two-headed ogre's attack.
The orange demon stings you but does no damage.
Amaemon hits you with a +2 demon whip of venom!
You die...

*,*,+,*********,**,,,,,,
*...###,,,,,,,*,**,,,,,*
*,.....,**,,,,*,**,,,,,,
*,#....,**,,,,+,**≈≈,≈≈*
*,#....,,,,,,,*,**,≈,≈,*
#,#....********,**≈≈,≈≈*
#......*,,,,,,,,**,,8,,*
#....#.####***###*,8_8,*
*,#....@O.#####s##,,8,,*
*,#....6#.#..s66.#******
#......4s.##'#...# *,*,
#...###......###O## *,,,
#.#,*,#..(.#......# *,,,
#,*,+,#.#..#..s#..# *,,*
*,,,*,#...........# *,,,
*,,,*,#...######### *,,,
*,,,*,#...# *,,*


You could see Amaemon (dazed), a two-headed ogre, an orange demon (curare,
dazed) and a scorpion (summoned, curare).

Vanquished Creatures
  A two-headed ogre (D:5)
  A centaur warrior (D:8)
  4 yaks (D:8)
  Eustachio (D:4)
  A steam dragon (D:7)
  Menkaure (D:6)
  An ice beast (D:7)
  An orc warrior (D:7)
  A sky beast (D:6)
  5 black bears
  2 ogres (D:5)
  A centaur (D:6)
  2 phantoms
  2 bullfrogs (D:8)
  A gnoll sergeant (D:8)
  2 necrophages
  6 scorpions
  7 wights (D:7)
  5 killer bees (D:8)
  3 howler monkeys
  4 hounds
  3 jellies
  6 orc priests
  Jessica (D:3)
  5 iguanas
  10 orc wizards
  11 adders
  11 gnolls
  4 white imps
  An ufetubus (D:5)
  5 worms
  4 dart slugs
  33 orcs
  7 endoplasms
  A giant cockroach (D:4)
  11 goblins
  7 hobgoblins
  4 quokkas
  5 ball pythons
  6 bats
  4 frilled lizards
  5 kobolds
  4 rats
200 creatures vanquished.

Vanquished Creatures (others)
  An ice beast (D:7)
  2 orc priests (D:7)
  2 orc wizards (D:7)
  4 orcs (D:7)
  6 fungi (D:3)
  4 plants
19 creatures vanquished.

Grand Total: 219 creatures vanquished

Notes
Turn   | Place    | Note
-------+----------+-------------------------------------------
     0 | D:1      | PaleWalker the Hill Orc Fighter began the quest for the
                  | Orb.
     0 | D:1      | Reached XP level 1. HP: 19/19 MP: 1/1
    80 | D:1      | Reached skill level 3 in Axes
   164 | D:1      | Reached XP level 2. HP: 27/27 MP: 2/2
   416 | D:1      | Reached skill level 4 in Axes
   416 | D:1      | Reached XP level 3. HP: 32/33 MP: 3/3
   709 | D:2      | Found a faded altar of an unknown god.
  1229 | D:2      | Reached XP level 4. HP: 41/41 MP: 4/4
  1689 | D:3      | Reached skill level 5 in Axes
  2078 | D:3      | Noticed Jessica
  2082 | D:3      | Reached XP level 5. HP: 45/47 MP: 5/5
  2087 | D:3      | Killed Jessica
  2088 | D:3      | Reached skill level 5 in Fighting
  2088 | D:3      | Reached skill level 6 in Axes
  2111 | D:3      | Found a blossoming altar of Fedhas.
  2191 | D:3      | Noticed a phantom
  2207 | D:3      | Killed a phantom
  2208 | D:3      | Reached XP level 6. HP: 42/56 MP: 6/6
  2337 | D:3      | Reached skill level 7 in Axes
  2824 | D:4      | Noticed a black bear
  2829 | D:4      | Killed a black bear
  3000 | D:4      | Reached skill level 8 in Axes
  3000 | D:4      | Reached XP level 7. HP: 55/63 MP: 7/7
  3983 | D:4      | Reached skill level 9 in Axes
  4125 | D:4      | Found a shimmering altar of Xom.
  4126 | D:4      | Found a hazy altar of Hepliaklqana.
  4127 | D:4      | Noticed a spectral ugly thing
  4158 | D:4      | Noticed Eustachio
  4172 | D:4      | Killed Eustachio
  4336 | D:4      | Found Emaybled's Serpentskin Sales.
  4513 | D:5      | Entered Level 5 of the Dungeon
  4529 | D:5      | Reached XP level 8. HP: 52/73 MP: 8/8
  4880 | D:5      | Reached skill level 10 in Axes
  5276 | D:5      | Reached skill level 11 in Axes
  5345 | D:5      | Noticed a two-headed ogre
  5354 | D:5      | Killed a two-headed ogre
  5355 | D:5      | Reached skill level 12 in Axes
  5355 | D:5      | Reached XP level 9. HP: 41/82 MP: 9/9
  6190 | D:6      | Reached skill level 13 in Axes
  6448 | D:6      | Found a basalt altar of Yredelemnul.
  6463 | D:6      | Found a stormy altar of Qazlal.
  6728 | D:6      | Noticed Menkaure
  6753 | D:6      | Killed Menkaure
  6939 | D:6      | Identified the +3 robe of the Leaf {rElec rN++ Will- MP+9}
  6974 | D:6      | Found a staircase to the Ecumenical Temple.
  7037 | D:6      | Reached skill level 14 in Axes
  7171 | D:7      | Became a worshipper of Beogh the Brigand
  7306 | D:7      | Reached skill level 10 in Fighting
  7564 | D:7      | Reached XP level 10. HP: 69/93 MP: 10/10
  8262 | D:7      | Reached skill level 15 in Axes
  8267 | D:7      | Reached * piety under Beogh
  8570 | D:7      | Found an ornate altar of the Wu Jian Council.
  8578 | D:7      | Found a glowing silver altar of Zin.
  8580 | D:7      | Found a white marble altar of Elyvilon.
  8734 | D:8      | Identified the +2 leather armour "Plog" {+Blink rC+++ rN+
                  | Dex+2}
  9319 | D:8      | Found a bloodstained altar of Trog.
  9397 | D:8      | Reached skill level 16 in Axes
  9684 | D:8      | Identified the +8 long sword "Xuwisir" {vamp, rPois rCorr}
  9937 | D:8      | Noticed a centaur warrior
  9943 | D:8      | Killed a centaur warrior
 10068 | D:8      | Found a hide-covered altar of Uskayaw.
 10068 | D:8      | Found a sparkling altar of Nemelex Xobeh.
 10086 | D:9      | You fall into a shaft and drop 2 floors!
 10086 | D:11     | Noticed an orange demon
 10086 | D:11     | Noticed a two-headed ogre
 10087 | D:11     | Noticed Amaemon
 10115 | D:11     | HP: 2/97 [two-headed ogre/+0 giant club (27)]
 10115 | D:11     | Mangled by Amaemon

Illustrated notes

Levels and vault maps discovered:
D:1:      dpeg_arrival_arbitrary_a, layout_rooms
D:2:      layout_basic, dreamdust_ecumenical_altar_angels_and_demons,
          grunt_ministairs_7, minmay_cupped
D:3:      layout_loops_cross, fedhas_altar_3, minmay_statues_item, uniq_jessica
D:4:      layout_layer_cave, regret_index_temple_of_mockery,
          guppyfry_shop_venom, uniq_eustachio
D:5:      cheibrodos_two_vegetables, layout_loops_ring
D:6:      layout_gridville, mainiacjoe_overflow_catwalk,
          mainiacjoe_overflow_alcove_2, minmay_temple_entry_fiery,
          supply_closet_lemuel, bh_walls_and_bars, uniq_menkaure
D:7:      layout_cave_pods, minitemple
D:8:      layout_basic, trog_ov_bears_minmay, gammafunk_temple_overflow_statue
D:9:      layout_small_grid, hiddenorc2_lemuel
D:11:     layout_stronghold, serial_shops, nicolae_inconvenience_store,
          shop_fountains, shop, shop, shop, portal_ice_cave_entry_ice_simulacra,
          kennysheep_okawaru_gauntlet, uniq_fannar, uniq_harold, uniq_amaemon

Skill      XL: |  1  2  3  4  5  6  7  8  9 10 |
---------------+-------------------------------+-----
Axes           | 3 4 5 6 8 9 12 14 16 | 16.0
Fighting       | 4 5 6 7 8 10 11 | 11.7
Armour         | 4 |  4.5
Shields        | |  3.2

Action                   |  1- 3 |  4- 6 |  7- 9 | 10-12 || total
-------------------------+-------+-------+-------+-------++-------
Melee: War axe           |    89 |    99 |   279 |   147 ||   614
Throw: Javelin           |       |       |     3 |       ||     3
Invok: Convert to Beogh  |       |       |     1 |       ||     1
  Use: Potion            |       |     2 |       |       ||     2
       Scroll            |       |       |     6 |     4 ||    10
Armor: Scale mail        |    44 |    20 |    22 |       ||    86
       Chain mail        |       |       |    51 |    11 ||    62
       Plate armour      |       |       |       |    47 ||    47
Dodge: Dodged            |    36 |    23 |    61 |    28 ||   148
Block: Buckler           |    46 |    42 |    93 |    53 ||   234
       Reflection        |     3 |       |     3 |       ||     6

Table legend: (Time is in decaauts)
 A = Elapsed time spent in this place.
 B = Non-inter-level travel time spent in this place.
 C = Inter-level travel time spent in this place.
 D = Time resting spent in this place.
 E = Time spent auto-exploring this place.
 F = Levels seen in this place.
 G = Mean time per level.
                   A        B        C        D        E       F      G
               +--------+--------+--------+--------+--------+-----+--------+
         Total |  10156 |   9922 |    234 |    658 |   7724 |  10 | 1015.6 |
       Dungeon |  10156 |   9922 |    234 |    658 |   7724 |  10 | 1015.6 |
               +--------+--------+--------+--------+--------+-----+--------+

Top non-repeatable levels by time:
     D:4: 1785 daAuts
     D:5: 1597 daAuts
     D:7: 1550 daAuts
     D:8: 1331 daAuts
     D:2: 1140 daAuts
     D:3: 1121 daAuts
     D:6: 1068 daAuts
     D:1: 523 daAuts
    D:11: 37 daAuts
